 Dungeon Crawl Stone Soup version 0.18-a0-1435-gee79d65 (webtiles) character file.

136 Ratboiler the Grave Robber (level 4, -3/32 HPs)
             Began as a Mummy Wanderer on Feb 28, 2016.
             Slain by Sigmund
             ... wielding a +0 scythe
              (6 damage)
             ... on level 3 of the Dungeon.
             The game lasted 00:12:03 (4165 turns).

Ratboiler the Grave Robber (Mummy Wanderer)         Turns: 4165, Time: 00:12:03

Health: -3/32      AC:  4    Str: 13    XL:     4   Next: 98%
Magic:  8/8        EV: 10    Int: 14    God:
Gold:   135        SH:  3    Dex: 11    Spells: 4 memorised, 2 levels left

rFire  x . .     SeeInvis .     p - +2 dagger (vamp)
rCold  + . .     Gourm    .     d - +0 robe
rNeg   + + +     Faith    .     o - +0 buckler
rPois  ∞         Spirit   .     l - +0 helmet (curse)
rElec  .         Dismiss  .     h - +0 cloak
rCorr  .         Reflect  .     (no gloves)
SustAt .         Harm     .     (no boots)
MR     .....                    (no amulet)
Stlth  ++........               (no ring)
                                r - ring of stealth

@: not resistant to hostile enchantments, unstealthy
A: no food or potions, fire vulnerability, cold resistance 1, negative energy
resistance 3, torment resistance, unbreathing
a: no special abilities


You were on level 3 of the Dungeon.
You were not hungry.

You visited 1 branch of the dungeon, and saw 4 of its levels.

You collected 135 gold pieces.

Inventory:

Hand Weapons
 a - a +0 spear
 g - a +0 whip
 p - a +2 vampiric dagger (weapon)
Missiles
 j - 109 stones (quivered)
 m - 28 poisoned needles
 q - 2 tomahawks of returning
Armour
 d - a +0 robe (worn)
 h - a +0 cloak (worn)
 l - a cursed +0 helmet (worn)
 o - a +0 buckler (worn)
Magical Staves
 k - an uncursed staff of summoning
Jewellery
 r - a ring of stealth (left hand)
Scrolls
 e - 2 scrolls of identify
 f - 3 scrolls of remove curse {unknown}
 i - 2 scrolls of fog
 s - a scroll of immolation {unknown}
Books
 b - Wedouteot's Catalogue of the Arsonist

   Spells                             Type                      Level
   a - Flame Tongue                   Conjuration/Fire             1
   b - Ignite Poison                  Fire/Transmutation/Poison    3
 c - the Reference Book on Weightlessness

   Spells                             Type                      Level
   a - Shock                          Conjuration/Air              1
   b - Swiftness                      Charms/Air                   2
 n - a book of Necromancy

   Spells                             Type                      Level
   a - Pain                           Necromancy                   1
   b - Animate Skeleton               Necromancy                   1
   c - Vampiric Draining              Necromancy                   3
   d - Regeneration                   Charms/Necromancy            3
   e - Animate Dead                   Necromancy                   4
   f - Control Undead                 Necromancy                   4


   Skills:
 - Level 1.6 Fighting
 - Level 1.0 Shields
 - Level 3.0 Spellcasting
 - Level 1.0 Charms
 + Level 5.3 Necromancy
 - Level 1.0 Air Magic
   Level 1.0 Evocations


You had 2 spell levels left.
You knew the following spells:

 Your Spells              Type           Power        Failure   Level  Hunger
a - Animate Skeleton      Necr           N/A          3%          1    N/A
b - Swiftness             Chrm/Air       #.......     34%         2    N/A
c - Shock                 Conj/Air       #...         28%         1    N/A
d - Vampiric Draining     Necr           ###.......   12%         3    N/A

Dungeon Overview and Level Annotations

Branches:
Dungeon (4/15)
 Temple: D:4-7

Altars:
Ru

Shops:
D:4 :

Annotations:
D:3 Sigmund, Terence


Innate Abilities, Weirdness & Mutations

You do not eat or drink.
Your flesh is vulnerable to fire.
You are immune to poison.
Your flesh is cold resistant.
You are immune to negative energy.
You are immune to unholy pain and torment.
You can survive without breathing.


Message History

Something hits you! The jackal barely misses you.
You hit the jackal.
You feel better.
The jackal is severely wounded.
The jackal bites you but does no damage. x2
Something hits you!
* * * LOW HITPOINT WARNING * * *
The jackal bites you.
* * * LOW HITPOINT WARNING * * *
You barely miss the jackal.
The jackal is severely wounded.
The jackal bites you but does no damage.
The jackal closely misses you. The jackal barely misses you.
Unknown command.
You closely miss the jackal.
The jackal is severely wounded.
The jackal bites you but does no damage.
The jackal barely misses you. Something hits you.
You die...

+......)..# #..#.#
#.........###....###############
###########......................
................#.###############
###########.#####.#######
#>............. ######.{#####..
########h.# #.......@h#
########.######..# ........<#...
#..# ########.#.##.#..#
.........!...#.)#
#########.#.####..#
........#.#.......#
#######.#.######'## #.#.###


You could see 2 jackals.

Vanquished Creatures
  Jessica (D:3)
  6 adders
  A worm (D:1)
  A dart slug (D:2)
  3 giant geckos
  An orc (D:2)
  2 ball pythons
  4 bats
  A giant cockroach (D:1)
  3 hobgoblins
  2 jackals (D:3)
  8 kobolds
  4 quokkas
  2 giant newts
  5 goblins
  6 rats
50 creatures vanquished.

Vanquished Creatures (collateral kills)
  A dart slug (D:2)
  A hobgoblin (D:3)
  A bat (D:1)
3 creatures vanquished.

Grand Total: 53 creatures vanquished

Notes
Turn   | Place    | Note
--------------------------------------------------------------
     0 | D:1      | Ratboiler the Mummy Wanderer began the quest for the Orb.
     0 | D:1      | Ratboiler set off with: a book of Necromancy, Wedouteot's Catalogue of the Arsonist, the Reference Book on Weightlessness, a +0 robe, a +0 club
     0 | D:1      | Reached XP level 1. HP: 13/13 MP: 4/4
     0 | D:1      | Identified Wedouteot's Catalogue of the Arsonist
     0 | D:1      | Identified the Reference Book on Weightlessness
     2 | D:1      | Learned a level 1 spell: Animate Skeleton
   460 | D:1      | Reached skill level 1 in Fighting
   788 | D:1      | Reached XP level 2. HP: 8/21 MP: 6/6
   794 | D:1      | Learned a level 2 spell: Swiftness
   796 | D:1      | Learned a level 1 spell: Shock
  1755 | D:1      | Reached XP level 3. HP: 9/26 MP: 2/7
  1995 | D:2      | Reached skill level 4 in Necromancy
  2007 | D:2      | Learned a level 3 spell: Vampiric Draining
  2468 | D:2      | Reached XP level 4. HP: 22/32 MP: 0/8
  2702 | D:3      | Noticed Jessica
  2712 | D:3      | Killed Jessica
  2712 | D:3      | Reached skill level 5 in Necromancy
  3038 | D:3      | Noticed Terence
  3530 | D:3      | Noticed Sigmund
  3646 | D:3      | HP: 1/32 [bat (1)]
  3665 | D:4      | Found a sacrificial altar of Ru.
  3955 | D:4      | Found Yhuwimp's Book Boutique.
  4165 | D:3      | Slain by Sigmund

Vault maps used:
D:1:      lightli_arrival_flooded_house
D:3:      lemuel_doored_altar, lemuel_round_altar, first_bread,
          kennysheep_generic_room_3, uniq_jessica, uniq_sigmund, uniq_terence
D:4:      nicolae_ru_path_of_blood, tso_altar, serial_shops, shop

Skill      XL: |  1  2  3  4 |
---------------+-------------+-----
Fighting       | 1 |  1.6
Necromancy     | 4 5 |  5.3
Shields        | |  1.0
Spellcasting   | |  3.0
Charms         | |  1.0
Air Magic      | |  1.0
Evocations     | |  1.0

Action                   |  1- 3 |  4- 6 || total
-------------------------+-------+-------++-------
Melee: Whip              |    62 |       ||    62
       Club              |     5 |       ||     5
       Spear             |    61 |    95 ||   156
       Dagger            |       |    10 ||    10
 Cast: Animate Skeleton  |     7 |     4 ||    11
       Shock             |     9 |     9 ||    18
       Swiftness         |     1 |       ||     1
       Vampiric Draining |     1 |     4 ||     5
  Use: Scroll            |       |     5 ||     5
 Stab: Sleeping          |       |     3 ||     3
